Map: New Williamsberg

Players

Harmeszero

  • Race: Protoss Protoss
  • Spawn Location: 12:00

Okadnito

  • Race: Terran Terran
  • Spawn Location: 0:00

Grumm

  • Race: Protoss Protoss
  • League: Gold
  • Spawn Location: 3:00

PaChewyChomp - Winner!

  • Race: Terran Terran
  • Spawn Location: 0:00

Winks - Winner!

  • Race: Terran Terran
  • Spawn Location: 9:00

LolmalletteL - Winner!

  • Race: Zerg Zerg
  • League: Bronze
  • Spawn Location: 6:00

VOD

Have the link to the VOD?

Description

Time

  • Played on: Feb. 19, 2016, 1:56 p.m.
  • Length: 11:09
Show
View Real Time Build Order
Export as new Build Order

Harmeszero Protoss 

Build Orders: 1 Gate Expand 

Get SALT Encoding   

  12  0:02  Probe (Chrono Boost)  
  13  0:13  Probe (Chrono Boost)  
  14  0:23  Probe (Chrono Boost)  
  15  0:30  Pylon  
  15  0:48  Probe (Chrono Boost)  
  16  0:53  Gateway  
  16  0:59  Probe (Chrono Boost)  
  17  1:17  Nexus  
  17  1:18  Assimilator  
  17  1:34  Probe (Chrono Boost)  
  18  1:42  Cybernetics Core  
  18  1:45  Probe (Chrono Boost)  
  19  1:48  Pylon  
  19  1:55  Probe (Chrono Boost)  
  19  1:58  Pylon  
  20  2:04  Pylon  
  20  2:06  Probe (Chrono Boost)  
  21  2:22  Assimilator  
  21  2:25  Probe (Chrono Boost)  
  21  2:29  Probe (Chrono Boost)  
  23  2:33  Warp Gate  
  23  2:36  Probe (Chrono Boost)  
  24  2:40  Probe (Chrono Boost)  
  25  2:46  Probe (Chrono Boost)  
  25  2:50  Probe (Chrono Boost)  
  27  2:54  Pylon  
  27  2:56  Pylon  
  27  3:01  Probe (Chrono Boost)  
  27  3:02  Robotics Facility  
  28  3:11  Probe (Chrono Boost)  
  28  3:12  Zealot  
  31  3:21  Mothership Core (Chrono Boost)  
  31  3:22  Probe (Chrono Boost)  
  34  3:30  Pylon  
  34  3:31  Pylon  
  34  3:32  Probe (Chrono Boost)  
  35  3:43  Probe (Chrono Boost)  
  34  3:51  Immortal (Chrono Boost)  
  34  3:53  Probe (Chrono Boost)  
  39  3:58  Nexus  
  39  4:01  Assimilator  
  39  4:03  Probe (Chrono Boost)  
  40  4:28  Gateway, Immortal (Chrono Boost)  
  40  4:29  Gateway  
  44  4:32  Gateway  
  44  4:46  Zealot  
  46  4:58  Probe  
  46  5:02  Immortal (Chrono Boost)  
  46  5:06  Assimilator  
  51  5:09  Probe  
  51  5:10  Assimilator  
  50  5:15  Stalker  
  50  5:20  Probe  
  48  5:30  Probe  
  47  5:36  Observer (Chrono Boost)  
  47  5:41  Probe  
  36  9:19  Pylon  
  17  9:40  Nexus  
Show
View Real Time Build Order
Export as new Build Order

Okadnito Terran 

Build Orders:  

Get SALT Encoding   

  12  0:01  SCV  
  13  0:13  SCV  
  14  0:21  Supply Depot  
  14  0:26  SCV  
  15  0:43  SCV  
  16  1:04  SCV  
  17  1:14  Barracks  
  17  1:15  Command Center  
  17  1:24  Refinery  
  17  1:26  SCV  
  17  1:31  Refinery  
  18  1:38  Engineering Bay  
  18  1:41  SCV  
  19  1:48  Supply Depot  
  19  2:01  Orbital Command  
  19  2:11  Missile Turret  
  19  2:28  SCV x2  
  21  2:39  Missile Turret  
  21  2:41  Planetary Fortress  
  21  2:46  Barracks Tech Lab  
  21  2:54  Factory  
  21  2:57  SCV  
  22  3:09  Marauder, SCV  
  25  3:20  Barracks  
  25  3:21  SCV  
  26  3:32  SCV  
  27  3:55  Siege Tank  
  30  4:03  Barracks Reactor, SCV x2  
  30  4:08  Refinery x2  
  32  4:15  Supply Depot  
  32  4:20  Marine  
  33  4:28  Missile Turret, Siege Tank  
  35  4:42  Marine x2  
  35  4:59  Marine  
  34  5:00  Marine, Siege Tank  
  34  5:02  Missile Turret  
  34  5:05  Missile Turret  
  39  5:17  Marine x2  
  35  5:35  Marine x2  
  17  5:51  SCV x2  
  17  5:53  Marine x2  
  21  6:03  SCV  
  22  6:09  SCV  
  22  6:11  Marine x2  
  25  6:22  SCV  
  26  6:29  Marine x2  
  28  6:34  SCV  
  19  7:03  Missile Turret  
  19  7:07  Missile Turret  
  14  7:28  Missile Turret  
  14  7:30  Missile Turret  
  14  7:51  Missile Turret  
  6  8:33  SCV  
  7  8:46  SCV  
  8  8:56  Missile Turret  
  8  8:58  SCV  
  9  9:10  SCV  
  10  9:22  SCV  
Show
View Real Time Build Order
Export as new Build Order

Grumm Protoss 

Build Orders: Nexus First 

Get SALT Encoding   

  12  0:01  Probe (Chrono Boost)  
  13  0:40  Nexus  
  13  0:44  Probe (Chrono Boost)  
  14  0:56  Pylon  
  14  0:59  Probe (Chrono Boost)  
  15  1:14  Probe (Chrono Boost)  
  15  1:15  Assimilator  
  16  1:21  Gateway  
  16  1:34  Forge  
  16  1:35  Probe (Chrono Boost)  
  17  1:45  Pylon  
  17  1:53  Probe (Chrono Boost)  
  17  1:54  Probe (Chrono Boost)  
  19  2:17  Photon Cannon  
  19  2:24  Cybernetics Core  
  19  2:34  Photon Cannon  
  19  2:41  Probe x2 (Chrono Boost)  
  21  2:49  Pylon  
  21  2:51  Probe (Chrono Boost)  
  22  3:00  Stalker  
  22  3:01  Warp Gate (Chrono Boost)  
  24  3:10  Pylon  
  24  3:23  Pylon  
  24  3:41  Photon Cannon  
  24  3:42  Photon Cannon  
  24  3:44  Probe  
  24  3:46  Probe  
  26  3:54  Photon Cannon  
  26  3:55  Probe  
  27  4:07  Probe  
  26  4:19  Photon Cannon  
  26  4:21  Probe, Photon Cannon  
  26  4:23  Probe  
  28  4:28  Stalker  
  30  4:33  Gateway  
  30  4:38  Gateway  
  20  4:39  Pylon  
  15  4:55  Assimilator  
  15  5:05  Stalker  
  17  5:07  Probe (Chrono Boost)  
  17  5:09  Gateway  
  18  5:18  Probe (Chrono Boost)  
  19  5:26  Photon Cannon  
  19  5:29  Adept  
  19  5:30  Adept  
  23  5:47  Zealot  
  19  5:53  Stalker x2  
  19  5:55  Probe (Chrono Boost)  
  24  6:01  Assimilator  
  24  6:05  Probe (Chrono Boost)  
  24  6:07  Stargate  
  24  6:08  Stargate  
  25  6:13  Adept x2  
  25  6:16  Probe (Chrono Boost)  
  30  6:20  Pylon  
  30  6:22  Photon Cannon  
  30  6:26  Probe (Chrono Boost)  
  30  6:28  Stalker x2  
  32  6:37  Photon Cannon  
  32  6:51  Nexus  
  24  7:14  Pylon  
  24  7:35  Phoenix  
  18  7:44  Photon Cannon  
  18  7:45  Pylon  
  18  7:46  Stalker x2, Photon Cannon  
  22  7:53  Nexus  
  22  7:58  Pylon  
  22  8:00  Pylon, Photon Cannon  
  22  8:02  Pylon  
  22  8:03  Phoenix  
  24  8:07  Phoenix  
  24  8:09  Adept x4  
  34  8:13  Probe (Chrono Boost)  
  35  8:23  Probe (Chrono Boost)  
  36  8:28  Phoenix  
  36  8:32  Phoenix  
  41  8:34  Probe (Chrono Boost)  
  41  8:41  Protoss Air Weapons Level 1, Protoss Ground Weapons Level 1  
  41  8:44  Probe (Chrono Boost)  
  42  8:48  Photon Cannon  
  42  8:50  Photon Cannon  
  42  8:51  Photon Cannon  
  42  8:53  Void Ray, Photon Cannon  
  42  8:55  Probe (Chrono Boost)  
  47  8:57  Void Ray  
  51  9:05  Stargate, Probe (Chrono Boost)  
  51  9:07  Stargate  
  51  9:09  Pylon  
  52  9:41  Void Ray x2  
  60  9:45  Stargate  
  60  9:48  Stargate  
  60  9:50  Pylon  
  60  9:52  Nexus  
  60  9:55  Pylon  
  60  9:57  Photon Cannon  
  60  9:58  Void Ray, Photon Cannon  
  64  10:03  Probe (Chrono Boost)  
  65  10:10  Probe (Chrono Boost)  
  65  10:14  Probe (Chrono Boost)  
  67  10:23  Robotics Facility  
  67  10:31  Adept  
  67  10:32  Adept x3  
  39  10:56  Zealot x4  
Show
View Real Time Build Order
Export as new Build Order

PaChewyChomp Terran - Winner!

Build Orders: 1/1/1, Banshee Rush 

Get SALT Encoding   

  12  0:02  SCV  
  13  0:14  SCV  
  13  0:20  Supply Depot  
  14  0:26  SCV  
  15  0:32  Refinery  
  15  0:42  SCV  
  16  0:47  Barracks  
  16  0:54  SCV  
  17  1:04  Refinery  
  17  1:06  SCV  
  18  1:19  SCV  
  19  1:31  SCV  
  20  1:37  Factory  
  20  1:42  Supply Depot  
  20  1:43  Barracks Tech Lab  
  20  1:46  SCV  
  21  1:59  Orbital Command  
  21  2:21  Starport  
  21  2:26  SCV  
  22  2:38  SCV  
  23  2:47  Starport  
  23  2:55  Command Center  
  23  3:07  Banshee  
  23  3:10  Cloaking Field  
  26  3:15  SCV  
  26  3:19  Supply Depot  
  27  3:27  Starport Tech Lab  
  27  3:50  Banshee  
  30  4:02  Banshee  
  33  4:51  Banshee x2  
  39  4:53  Fusion Core  
  39  4:56  SCV  
  39  4:59  Refinery  
  40  5:08  SCV  
  41  5:42  Armory  
  41  5:55  Hyperflight Rotors  
  41  6:00  SCV  
  41  6:04  Supply Depot, Refinery  
  42  6:12  SCV  
  43  6:24  SCV  
  44  6:37  SCV  
  45  6:49  SCV  
  45  6:52  Banshee x2  
  52  6:54  Terran Ship Weapons Level 1  
  52  6:57  Starport  
  52  7:02  SCV  
  52  7:06  Supply Depot  
  53  7:14  SCV  
  54  7:26  SCV  
  49  7:35  Banshee x2  
  55  7:38  SCV  
  56  7:46  Starport Tech Lab  
  56  7:48  Starport  
  53  8:14  Command Center  
  53  8:16  Banshee  
  53  8:18  Banshee x2  
  62  8:42  Starport Tech Lab  
  62  8:49  Terran Vehicle And Ship Armor Level 1  
  62  8:58  Supply Depot  
  62  8:59  Banshee  
  62  9:01  Banshee  
  68  9:35  Viking x2  
  72  9:40  Supply Depot  
  72  9:42  Viking  
  72  9:44  Viking  
  76  10:05  Viking x2  
  80  10:12  Viking  
  80  10:14  Viking  
  81  10:35  Viking x2  
Show
View Real Time Build Order
Export as new Build Order

Winks Terran - Winner!

Build Orders:  

Get SALT Encoding   

  12  0:03  SCV  
  13  0:18  SCV  
  14  0:24  Supply Depot  
  14  0:30  SCV  
  15  0:46  SCV  
  16  0:58  SCV  
  16  1:01  Barracks  
  17  1:05  Barracks  
  17  1:10  SCV  
  18  1:22  SCV  
  19  1:32  Supply Depot  
  19  1:34  SCV  
  20  1:48  Orbital Command  
  20  1:49  Barracks  
  20  1:51  Marine  
  21  1:54  Supply Depot, Marine  
  22  2:08  Marine  
  22  2:12  Marine  
  24  2:17  Supply Depot  
  24  2:19  SCV  
  25  2:28  Marine  
  26  2:30  Marine  
  26  2:36  SCV  
  28  2:46  Marine  
  28  2:48  Bunker, SCV  
  28  2:49  Marine x2  
  32  2:58  Supply Depot  
  32  3:03  Bunker  
  32  3:04  Marine  
  33  3:07  Marine x2  
  34  3:21  SCV  
  34  3:22  Marine  
  34  3:25  Marine x2  
  38  3:30  Supply Depot  
  38  3:33  SCV  
  39  3:40  Marine  
  40  3:42  Marine  
  40  3:43  Marine  
  40  3:45  SCV  
  42  3:57  SCV  
  42  3:58  Marine  
  42  4:00  Marine x2  
  46  4:15  Marine  
  45  4:18  Marine x2  
  45  4:22  SCV  
  48  4:33  Marine  
  48  4:34  SCV  
  48  4:36  Marine x2  
  51  4:46  SCV  
  51  4:51  Marine  
  51  4:52  Command Center  
  53  4:54  Marine x2  
  53  4:58  SCV  
  56  5:00  Refinery  
  56  5:02  Bunker  
  56  5:09  Marine  
  56  5:10  Engineering Bay, SCV  
  56  5:11  Marine  
  56  5:12  Marine  
  56  5:13  Supply Depot, Refinery  
  55  5:27  Marine  
  34  5:55  Marine x2  
  34  5:56  Marine  
  36  6:03  SCV  
  37  6:04  SCV  
  38  6:13  Marine x3  
  38  6:15  SCV  
  38  6:16  SCV  
  43  6:22  Missile Turret  
  43  6:27  SCV  
  43  6:28  SCV  
  43  6:31  Marine x3  
  48  6:34  Missile Turret  
  48  6:39  SCV  
  49  6:40  SCV  
  49  6:42  Refinery  
  50  6:48  Factory, Marine  
  50  6:49  Marine x2  
  50  6:52  SCV x2  
  55  7:04  Factory  
  55  7:06  Marine  
  55  7:07  Marine  
  57  7:17  Orbital Command  
  57  7:18  SCV  
  58  7:30  SCV  
  58  7:35  Factory Tech Lab  
  59  7:41  Starport  
  59  7:42  SCV  
  60  7:45  Armory  
  60  7:46  Refinery  
  60  7:50  Factory Tech Lab  
  60  7:55  SCV  
  60  7:58  Starport, Siege Tank  
  61  8:00  SCV  
  65  8:07  SCV  
  65  8:12  SCV  
  67  8:19  SCV  
  66  8:24  SCV  
  62  8:31  SCV  
  62  8:36  SCV  
  63  8:43  SCV  
  63  8:44  Starport Reactor  
  63  8:46  Starport Tech Lab  
  63  8:48  SCV  
  65  8:53  Siege Tank x2  
  65  8:55  Fusion Core, SCV  
  72  9:00  SCV  
  73  9:07  SCV  
  73  9:09  Supply Depot  
  74  9:12  SCV  
  75  9:18  Liberator, Command Center  
  75  9:19  SCV  
  76  9:24  SCV  
  76  9:26  Supply Depot  
  76  9:27  Liberator  
  76  9:30  Siege Tank  
  76  9:31  Siege Tank, SCV  
  83  9:36  SCV  
  88  9:41  Refinery  
  88  9:42  Refinery  
  88  9:43  Missile Turret, SCV  
  92  9:49  Supply Depot, SCV  
  93  9:57  Liberator  
  93  10:01  Liberator, SCV  
  93  10:02  SCV  
  95  10:14  SCV x2  
  103  10:26  SCV x2  
  105  10:35  Command Center  
  108  10:38  SCV x2  
  110  10:50  SCV x2  
Show
View Real Time Build Order
Export as new Build Order

LolmalletteL Zerg - Winner!

Build Orders: Hatch First 

Get SALT Encoding   

  12  0:03  Drone  
  13  0:17  Drone  
  14  0:26  Overlord  
  14  0:51  Hatchery  
  13  0:58  Spawning Pool  
  13  1:02  Drone  
  13  1:08  Drone  
  14  1:12  Drone  
  15  1:18  Drone  
  15  1:24  Drone  
  17  1:31  Extractor  
  16  1:38  Drone  
  17  1:45  Queen  
  17  1:46  Drone  
  20  1:57  Drone  
  21  2:04  Drone  
  21  2:07  Queen  
  24  2:09  Drone  
  24  2:14  Drone  
  26  2:18  Drone  
  27  2:22  Extractor  
  27  2:29  Drone  
  27  2:34  Metabolic Boost  
  27  2:38  Zergling x2  
  28  3:04  Overlord  
  28  3:05  Overlord  
  28  3:10  Lair  
  28  3:12  Overlord x2  
  28  3:25  Hatchery  
  27  3:32  Drone x4  
  31  3:35  Zergling x6  
  34  3:42  Drone  
  34  3:44  Drone  
  34  3:45  Drone  
  37  3:50  Zergling x2  
  37  3:51  Zergling x4  
  40  3:57  Zergling x2  
  41  4:03  Zergling x2  
  41  4:04  Zergling x6  
  41  4:08  Extractor  
  44  4:12  Zergling x2  
  45  4:18  Drone  
  45  4:23  Spire  
  46  4:24  Zergling x4  
  45  4:41  Drone  
  45  4:42  Drone  
  45  4:44  Drone x5  
  45  4:45  Drone  
  53  4:46  Extractor  
  52  4:53  Drone x2  
  52  4:54  Zergling x4  
  55  5:33  Zergling x2  
  55  5:34  Zergling x10  
  55  5:35  Mutalisk x3  
  61  5:37  Drone  
  61  5:39  Overlord x4  
  62  5:58  Mutalisk x2  
  62  6:00  Mutalisk x2  
  62  6:03  Mutalisk x2  
  74  6:40  Drone x2  
  74  6:41  Drone x2  
  74  6:42  Drone  
  74  6:43  Drone  
  71  7:09  Hatchery  
  57  7:48  Mutalisk x6  
  57  7:50  Mutalisk x3  
  73  7:54  Zergling x2  
  73  7:55  Zergling x8  
  72  8:11  Mutalisk  
  74  8:13  Mutalisk x3  
  80  8:23  Zergling x2  
  80  8:24  Zergling x6  
  80  8:25  Zergling x2  
  85  8:28  Queen  
  85  8:29  Drone  
  85  8:31  Drone x3  
  85  8:32  Zergling x6  
  94  8:47  Mutalisk  
  94  8:48  Mutalisk  
  98  8:49  Mutalisk x2  
  98  8:52  Drone x2  
  102  9:25  Extractor  
  102  9:27  Extractor  
  100  9:51  Mutalisk x2  
  104  9:55  Overlord x2  
  104  9:56  Overlord x4  
  104  10:08  Infestation Pit  
  103  10:18  Mutalisk x2  
  103  10:19  Mutalisk x3  
Tags
 
Add a new tag
Caveats
  • Supply blocks, unpowered buildings, or Contaminate may cause inaccurate times.
  • Supply counts are checked every 10 seconds.